 Dungeon Crawl Stone Soup version 0.29.0-4-gdea44cf6ec (webtiles) character file.

Game seed: 9195021318769249627

6549 qw the Cleaver (level 11, -4/69 HPs)
             Began as a Gargoyle Fighter on Sept 6, 2022.
             Killed from afar by a molten gargoyle (7 damage)
             ... with a bolt of magma
             ... on level 10 of the Dungeon.
             The game lasted 00:02:54 (7865 turns).

qw the Cleaver (Gargoyle Fighter)                   Turns: 7865, Time: 00:02:54

Health: -4/69      AC: 31    Str: 28    XL:     11   Next: 1%
Magic:  11/11      EV:  8    Int:  8    God:
Gold:   506        SH:  6    Dex: 17    Spells: 10/10 levels left

rFire   . . .      SeeInvis .   b - +9 broad axe "Fefixo" {flame, Contam Dex+2 Stlth+}
rCold   . . .      Faith    .   c - +0 buckler
rNeg    + . .      Spirit   .   k - +3 plate armour
rPois   inf        Reflect  .   p - +2 helmet
rElec   +          Harm     .   t - +1 cloak of Olismiot {Fly Str+3}
rCorr   +          Rampage  .   s - +0 pair of gloves
Will    .....                   (no boots)
Stlth   ..........              (no amulet)
HPRegen 0.21/turn               o - ring of resist corrosion
MPRegen 0.12/turn               j - +6 ring of dexterity

@: flying
A: sickness immunity, AC +8, negative energy resistance 1, electricity
resistance, torment resistance 1, petrification resistance
a: no special abilities


You were on level 10 of the Dungeon.
You visited 1 branch of the dungeon, and saw 10 of its levels.

You collected 602 gold pieces.
You spent 96 gold pieces at shops.


Innate Abilities, Weirdness & Mutations

You are immune to sickness and miasma.
Your stone body is resilient. (AC +8)
You are immune to poison.
You resist negative energy. (rN+)
You are resistant to electric shocks. (rElec)
You are resistant to unholy torment.
You are immune to petrification.


   Skills:
 - Level 8.4 Fighting
 - Level 11.2 Axes
 - Level 3.0 Throwing
 - Level 7.7 Armour
 + Level 2.1 Dodging
 - Level 5.0 Shields


You had 10 spell levels left.
You didn't know any spells.
Your spell library was empty.

Inventory:

Hand Weapons
 b - the +9 broad axe "Fefixo" (weapon) {flame, Contam Dex+2 Stlth+}
   (You acquired it on level 3 of the Dungeon)

   It burns those it strikes, dealing additional fire damage.
   Big, fiery blades are also staple armaments of hydra-hunters.
   Dex:       It affects your dexterity (+2).
   Contam:    It causes magical contamination when unequipped.
   Stlth:     It makes you more stealthy.
Missiles
 m - 5 boomerangs (quivered)
 u - a javelin
Armour
 c - a +0 buckler (worn)
 k - a +3 plate armour (worn)
 p - a +2 helmet (worn)
 s - a +0 pair of gloves (worn)
 t - the +1 cloak of Olismiot (worn) {Fly Str+3}
   (You found it on level 8 of the Dungeon)

   Str:       It affects your strength (+3).
   Fly:       It grants you flight.
Jewellery
 j - a +6 ring of dexterity (right hand)
 o - a ring of resist corrosion (left hand)
Scrolls
 h - a scroll of identify
 i - 2 scrolls of fog
 n - 2 scrolls of brand weapon
Potions
 d - a potion of might
 e - 2 potions of lignification
 f - a potion of mutation
 g - 4 potions of haste
 q - a potion of curing
 r - a potion of ambrosia {unknown}

Dungeon Overview and Level Annotations

Branches:
Dungeon (10/15)            Temple (0/1) D:4
   Lair: D:8-11         Orc: D:9-12

Altars:
Ashenzari
Cheibriados
Hepliaklqana
Nemelex Xobeh
Trog
Zin
The Shining One

Shops:
D:2 (!   D:9 =

Annotations:
D:5 3 runed translucent doors, qw's ghost, amateur MiFi
D:6 1 runed translucent door, qw's ghost, novice GrBe
D:10 3 runed translucent doors, qw's ghost, journeyman GrBe


Message History

The bolt of magma hits you!!
The molten gargoyle blasts magma at you!
The bolt of magma hits you.
The centaur shoots an arrow.
The arrow hits you! The arrow freezes you.
The molten gargoyle hits you but does no damage.
The centaur shoots an arrow.
The arrow hits you. The arrow freezes you.
The molten gargoyle hits you but does no damage.
The molten gargoyle blasts magma at you!
The bolt of magma hits you but does no damage.
7862 ||| DRINKING 3 potions of heal wounds.
You feel much better.
The molten gargoyle blasts magma at you!
The bolt of magma hits you!
The molten gargoyle hits you but does no damage. x2
7863 ||| DRINKING 2 potions of heal wounds.
You feel much better.
The centaur unwields a +0 shortbow of freezing.
The centaur barely misses you. You block the centaur's attack.
The molten gargoyle hits you with a +0 mace.
You are engulfed in flames!
You block the molten gargoyle's attack.
The molten gargoyle hits you with a +0 mace!
You are engulfed in flames!
7864 ||| DRINKING potion of heal wounds.
You feel much better.
The centaur hits you but does no damage.
The centaur kicks you but does no damage.
The centaur hits you. The centaur barely misses you.
The molten gargoyle blasts magma at you!
The bolt of magma hits you!! You block the molten gargoyle's attack.
The molten gargoyle hits you with a +0 mace.
You are engulfed in flames!
You hit the molten gargoyle.
The molten gargoyle is almost destroyed.
You hit the molten gargoyle. You hit the centaur but do no damage.
You hit the molten gargoyle but do no damage.
The centaur barely misses you.
The centaur kicks you but does no damage.
The molten gargoyle blasts magma at you!
The bolt of magma hits you!
You die...

#..............#
#..............#
############(..#
########...###
#........###
#.#.####)#
#.#.#.##
.#.#.#9#.#.#
#.....9@..##
..~~¤~~9c#.#
#.~~~~~~~.##
.¤~¤88¤~.#.#
#¤¤~88~~~.##
.¤¤¤¤~~~[#.
#¤¤~¤~~¤..#
..¤¤¤....#


You could see 3 molten gargoyles and a centaur.

Vanquished Creatures
  2 two-headed ogres (D:9)
  Maurice (D:9)
  A molten gargoyle (D:10)
  A gargoyle (D:10)
  Grinder (D:5)
  Sigmund (D:5)
  A steam dragon (D:8)
  3 yaks (D:10)
  2 water moccasins
  Duvessa (D:5)
  2 orc warriors
  3 black bears
  4 sky beasts
  An ice beast (D:5)
  An ogre (D:5)
  3 centaurs
  3 scorpions
  2 necrophages
  3 bullfrogs
  3 gnoll sergeants
  5 wights (D:9)
  Dowan (D:5)
  A howler monkey (D:9)
  4 jellies
  An orc priest (D:9)
  7 hounds
  3 iguanas
  10 orc wizards
  19 gnolls
  3 adders
  3 shadow imps
  2 white imps
  An ufetubus (D:6)
  3 dart slugs
  26 orcs
  6 ball pythons
  6 endoplasms
  3 giant cockroaches
  7 goblins
  6 hobgoblins
  2 jackals (D:3)
  4 bats
  4 frilled lizards
  7 kobolds
  A rat (D:1)
174 creatures vanquished.

Notes
Turn   | Place    | Note
-------+----------+-------------------------------------------
     0 | D:1      | qw the Gargoyle Fighter began the quest for the Orb.
     0 | D:1      | Reached XP level 1. HP: 14/14 MP: 1/1
     0 | D:1      | 0 ||| qw: Version: 0.1-a-108-g9e35731
     0 | D:1      | 0 ||| qw: Game counter: 6378
     0 | D:1      | 0 ||| qw: Always use a shield: true
     0 | D:1      | 0 ||| qw: God list: Okawaru
     0 | D:1      | 0 ||| qw: Allow faded altars: false
     0 | D:1      | 0 ||| qw: Do Orc after D:15 true
     0 | D:1      | 0 ||| qw: Do second Lair branch before Depths: true
     0 | D:1      | 0 ||| qw: Lair rune preference: random
     0 | D:1      | 0 ||| qw: Plans: Normal, Zot, God:TSO, Crypt, Tomb, Zig,
                  | Orb
     0 | D:1      | 0 ||| PLANNING D:1-11
    72 | D:1      | Reached skill level 2 in Axes
   117 | D:1      | 117 ||| Stepping ~*~*~tactically~*~*~ (hiding).
   118 | D:1      | 118 ||| Stepping ~*~*~tactically~*~*~ (hiding).
   124 | D:1      | Reached XP level 2. HP: 15/19 MP: 2/2
   210 | D:1      | 210 ||| Stepping ~*~*~tactically~*~*~ (stealth).
   302 | D:1      | 302 ||| Stepping ~*~*~tactically~*~*~ (stealth).
   318 | D:1      | Reached skill level 3 in Axes
   445 | D:1      | Reached XP level 3. HP: 23/23 MP: 3/3
   514 | D:1      | Found a faded altar of an unknown god.
   587 | D:1      | 587 ||| DROPPING amulet of magic regeneration.
   588 | D:1      | 588 ||| READING scroll labelled KUWNEH XAA.
   589 | D:1      | 589 ||| READING scroll labelled OSHRUO PEUBLOF.
   592 | D:1      | 592 ||| READING 3 scrolls labelled IPSUNU PAXORE.
   593 | D:1      | 593 ||| READING scroll labelled SIPTE WORUID.
   594 | D:1      | 594 ||| READING scroll labelled VUWOAXZARGHA.
   595 | D:1      | 595 ||| DRINKING 2 metallic inky potions.
   596 | D:1      | 596 ||| READING 2 scrolls of identify.
   596 | D:1      | 596 ||| IDENTIFYING lumpy silvery potion
   727 | D:2      | Found Tuoshi's Distillery.
   736 | D:2      | 736 ||| BUYING 2 potions of lignification (60 gold).
   736 | D:2      | Bought 2 potions of lignification for 60 gold pieces
   736 | D:2      | 736 ||| SHOPLISTING potion of curing (30 gold, have 9).
   736 | D:2      | 736 ||| SHOPLISTING potion of lignification (30 gold, have
                  | 9).
  1200 | D:2      | Found Vejeabul's Weapon Boutique.
  1210 | D:2      | 1210 ||| BUYING +0 mace (36 gold).
  1210 | D:2      | Bought a +0 mace for 36 gold pieces
  1210 | D:2      | 1210 ||| SHOPLISTING +3 mace (240 gold, have 10).
  1288 | D:2      | 1288 ||| READING 2 scrolls labelled TEGAELIDICU.
  1862 | D:3      | Reached skill level 1 in Throwing
  2030 | D:3      | 2030 ||| UPGRADING to +1 helmet.
  2035 | D:3      | 2035 ||| UPGRADING to +0 chain mail.
  2045 | D:3      | 2045 ||| DROPPING +0 scale mail.
  2046 | D:3      | 2046 ||| READING 4 scrolls of enchant armour.
  2046 | D:3      | 2046 ||| ENCHANTING +1 helmet.
  2047 | D:3      | 2047 ||| UPGRADING to ring of resist corrosion.
  2048 | D:3      | 2048 ||| READING scroll labelled KAYNWA SU IRPHA.
  2149 | D:3      | 2149 ||| READING scroll labelled ROEPRI XIENT.
  2150 | D:3      | 2150 ||| READING scroll labelled KUIS GUZUBUNG.
  2150 | D:3      | Identified a scroll of acquirement
  2150 | D:3      | 2150 ||| ACQUIRING +9 broad axe "Fefixo" {flame, Contam
                  | Dex+2 Stlth+}
  2150 | D:3      | Acquired the +9 broad axe "Fefixo" {flame, Contam Dex+2
                  | Stlth+}
  2152 | D:3      | 2152 ||| SWAPPING to +9 broad axe "Fefixo" {flame, Contam
                  | Dex+2 Stlth+}.
  2153 | D:3      | 2153 ||| DROPPING +0 mace.
  2154 | D:3      | 2154 ||| DROPPING +0 war axe.
  2155 | D:3      | 2155 ||| READING 2 scrolls of identify.
  2155 | D:3      | 2155 ||| IDENTIFYING red potion
  2203 | D:4      | Reached XP level 4. HP: 28/28 MP: 4/4
  2300 | D:4      | Reached skill level 4 in Axes
  2305 | D:4      | Reached XP level 5. HP: 25/32 MP: 5/5
  2446 | D:4      | Noticed a black bear
  2458 | D:4      | Reached skill level 5 in Axes
  2459 | D:4      | Killed a black bear
  2460 | D:4      | Reached XP level 6. HP: 37/37 MP: 6/6
  2600 | D:4      | Found a staircase to the Ecumenical Temple.
  2897 | D:4      | Noticed a black bear
  2901 | D:4      | Killed a black bear
  2934 | D:4      | 2934 ||| UPGRADING to +0 plate armour.
  2944 | D:4      | 2944 ||| DROPPING +0 chain mail.
  2945 | D:4      | 2945 ||| READING 3 scrolls of enchant armour.
  2945 | D:4      | 2945 ||| ENCHANTING +0 plate armour.
  2946 | D:4      | 2946 ||| READING 2 scrolls of enchant armour.
  2946 | D:4      | 2946 ||| ENCHANTING +1 plate armour.
  2947 | D:4      | 2947 ||| READING scroll of enchant armour.
  2947 | D:4      | 2947 ||| ENCHANTING +2 plate armour.
  2948 | D:4      | 2948 ||| READING scroll labelled JISAUHENGED.
  2949 | D:4      | 2949 ||| READING 2 scrolls of identify.
  2949 | D:4      | 2949 ||| IDENTIFYING fuming brown potion
  3012 | D:5      | Entered Level 5 of the Dungeon
  3025 | D:5      | 3025 ||| Stepping ~*~*~tactically~*~*~ (stealth).
  3030 | D:5      | Reached XP level 7. HP: 44/44 MP: 7/7
  3033 | D:5      | Noticed Dowan
  3034 | D:5      | 3034 ||| Stepping ~*~*~tactically~*~*~ (hiding).
  3035 | D:5      | Noticed Duvessa
  3037 | D:5      | Killed Dowan
  3040 | D:5      | Killed Duvessa
  3041 | D:5      | Reached skill level 6 in Axes
  3217 | D:5      | Noticed Sigmund
  3218 | D:5      | 3218 ||| Stepping ~*~*~tactically~*~*~ (hiding).
  3226 | D:5      | 3226 ||| DRINKING potion of curing.
  3226 | D:5      | 3226 ||| (to cure confusion)
  3228 | D:5      | Killed Sigmund
  3229 | D:5      | Reached XP level 8. HP: 48/48 MP: 8/8
  3233 | D:5      | Reached skill level 7 in Axes
  3355 | D:5      | Noticed qw's ghost (amateur MiFi)
  3380 | D:5      | 3380 ||| Stepping ~*~*~tactically~*~*~ (hiding).
  3382 | D:5      | 3382 ||| Stepping ~*~*~tactically~*~*~ (hiding).
  3483 | D:5      | 3483 ||| Stepping ~*~*~tactically~*~*~ (stealth).
  3525 | D:5      | Found a runed translucent gate.
  3525 | D:5      | Found a runed translucent gate.
  3525 | D:5      | Found a runed translucent gate.
  3528 | D:5      | 3528 ||| Stepping ~*~*~tactically~*~*~ (stealth).
  3548 | D:5      | Noticed Grinder
  3554 | D:5      | Killed Grinder
  3642 | D:5      | Reached skill level 8 in Axes
  3845 | D:5      | 3845 ||| READING scroll labelled KISIAG GIET.
  3846 | D:5      | 3846 ||| READING scroll labelled IKLATU FE BORU.
  3847 | D:5      | 3847 ||| DRINKING 2 metallic ruby potions.
  3848 | D:5      | 3848 ||| DROPPING potion of invisibility.
  3884 | D:6      | Reached skill level 6 in Fighting
  3930 | D:6      | 3930 ||| Stepping ~*~*~tactically~*~*~ (hiding).
  4063 | D:6      | Reached XP level 9. HP: 55/55 MP: 9/9
  4069 | D:6      | 4069 ||| DRINKING 2 potions of curing.
  4069 | D:6      | 4069 ||| (to cure confusion)
  4164 | D:6      | Found a runed translucent door.
  4165 | D:6      | Noticed qw's ghost (novice GrBe)
  4165 | D:6      | Noticed a troll
  4279 | D:6      | Found a snail-covered altar of Cheibriados.
  4282 | D:6      | Found a bloodstained altar of Trog.
  4358 | D:6      | Reached skill level 9 in Axes
  4373 | D:6      | Found a glowing golden altar of the Shining One.
  5068 | D:6      | 5068 ||| DRINKING 3 amethyst potions.
  5069 | D:6      | 5069 ||| DROPPING 2 potions of degeneration.
  5206 | D:7      | Found a broken altar of Ashenzari.
  5292 | D:7      | 5292 ||| Stepping ~*~*~tactically~*~*~ (hiding).
  5293 | D:7      | 5293 ||| Stepping ~*~*~tactically~*~*~ (hiding).
  5484 | D:7      | 5484 ||| Stepping ~*~*~tactically~*~*~ (hiding).
  5633 | D:7      | Found a flagged portal.
  5636 | D:7      | 5636 ||| Stepping ~*~*~tactically~*~*~ (water).
  5928 | D:7      | Found a sparkling altar of Nemelex Xobeh.
  5990 | D:7      | 5990 ||| UPGRADING to +6 ring of dexterity.
  5991 | D:7      | 5991 ||| READING scroll labelled SUWOL LANTIU.
  6115 | D:6      | Found a glowing silver altar of Zin.
  6143 | D:8      | 6143 ||| Stepping ~*~*~tactically~*~*~ (hiding).
  6145 | D:8      | 6145 ||| Stepping ~*~*~tactically~*~*~ (stealth).
  6149 | D:8      | 6149 ||| Stepping ~*~*~tactically~*~*~ (hiding).
  6154 | D:8      | Reached skill level 6 in Armour
  6180 | D:8      | Identified the +1 cloak of Olismiot {Fly Str+3}
  6278 | D:8      | Found a hazy altar of Hepliaklqana.
  6463 | D:8      | 6463 ||| DRINKING 2 potions of curing.
  6463 | D:8      | 6463 ||| (to cure confusion)
  6546 | D:8      | Reached skill level 10 in Axes
  6546 | D:8      | Reached XP level 10. HP: 63/63 MP: 10/10
  6600 | D:8      | 6600 ||| UPGRADING to +0 pair of gloves.
  6605 | D:8      | 6605 ||| UPGRADING to +1 cloak of Olismiot {Fly Str+3}.
  6610 | D:8      | 6610 ||| DROPPING scarf of invisibility.
  6611 | D:8      | 6611 ||| READING scroll labelled XUBUOLEMAST.
  6612 | D:8      | 6612 ||| READING 2 scrolls of identify.
  6612 | D:8      | 6612 ||| IDENTIFYING metallic red potion
  6613 | D:8      | 6613 ||| DROPPING potion of berserk rage.
  6625 | D:9      | Found Qiollol's Jewellery Shoppe.
  6630 | D:9      | Noticed a two-headed ogre
  6637 | D:9      | Killed a two-headed ogre
  6694 | D:9      | 6694 ||| Stepping ~*~*~tactically~*~*~ (stealth).
  6695 | D:9      | 6695 ||| Stepping ~*~*~tactically~*~*~ (stealth).
  6696 | D:9      | 6696 ||| Stepping ~*~*~tactically~*~*~ (stealth).
  6720 | D:9      | 6720 ||| SHOPLISTING +4 ring of evasion (540 gold, have
                  | 417).
  6720 | D:9      | 6720 ||| SHOPLISTING +4 ring of protection (540 gold, have
                  | 417).
  6720 | D:9      | 6720 ||| SHOPLISTING +4 ring of slaying (1170 gold, have
                  | 417).
  6720 | D:9      | 6720 ||| SHOPLISTING +6 ring of dexterity (540 gold, have
                  | 417).
  6720 | D:9      | 6720 ||| SHOPLISTING +6 ring of strength (540 gold, have
                  | 417).
  6720 | D:9      | 6720 ||| SHOPLISTING amulet of reflection (450 gold, have
                  | 417).
  6775 | D:9      | Noticed a two-headed ogre
  6783 | D:9      | Killed a two-headed ogre
  6967 | D:9      | Reached skill level 3 in Throwing
  7032 | D:9      | 7032 ||| Stepping ~*~*~tactically~*~*~ (stealth).
  7034 | D:9      | 7034 ||| Stepping ~*~*~tactically~*~*~ (stealth).
  7036 | D:9      | 7036 ||| Stepping ~*~*~tactically~*~*~ (stealth).
  7038 | D:9      | 7038 ||| Stepping ~*~*~tactically~*~*~ (hiding).
  7198 | D:9      | 7198 ||| Stepping ~*~*~tactically~*~*~ (stealth).
  7201 | D:9      | Noticed Maurice
  7208 | D:9      | 7208 ||| DRINKING 2 potions of curing.
  7208 | D:9      | 7208 ||| (to cure confusion)
  7215 | D:9      | Killed Maurice
  7419 | D:9      | 7419 ||| READING scroll labelled UJI NIRRIZXE.
  7446 | D:10     | Entered Level 10 of the Dungeon
  7447 | D:10     | Noticed a gargoyle
  7448 | D:10     | 7448 ||| Stepping ~*~*~tactically~*~*~ (hiding).
  7458 | D:10     | Killed a gargoyle
  7689 | D:10     | Noticed a two-headed ogre
  7689 | D:10     | Noticed qw's ghost (journeyman GrBe)
  7690 | D:10     | Found a runed translucent gate.
  7691 | D:10     | Found a runed translucent gate.
  7691 | D:10     | Found a runed translucent gate.
  7740 | D:10     | Noticed a molten gargoyle
  7741 | D:10     | 7741 ||| Stepping ~*~*~tactically~*~*~ (hiding).
  7742 | D:10     | 7742 ||| Stepping ~*~*~tactically~*~*~ (hiding).
  7749 | D:10     | Killed a molten gargoyle
  7750 | D:10     | Reached skill level 11 in Axes
  7750 | D:10     | Reached XP level 11. HP: 69/69 MP: 11/11
  7861 | D:10     | HP: 9/69 [centaur/arrow (10)]
  7861 | D:10     | HP: 4/69 [centaur/arrow (1)]
  7862 | D:10     | 7862 ||| DRINKING 3 potions of heal wounds.
  7863 | D:10     | 7863 ||| DRINKING 2 potions of heal wounds.
  7864 | D:10     | 7864 ||| DRINKING potion of heal wounds.
  7865 | D:10     | Killed from afar by a molten gargoyle

Levels and vault maps discovered:
D:1:      noname_arrival_rooms_in_the_neighbourhood, layout_rooms,
          dreamdust_ecumenical_altar_hidden_monk_grotto
D:2:      layout_loops_ring, serial_shops, nicolae_lakefront_shop, shop
D:3:      layout_loops_cross, minmay_misc_feat_columns, minmay_misc_feat_square
D:4:      layout_gridville, minmay_temple_entry_glassed_door,
          nicolae_hexahallways, moated_statue
D:5:      layout_basic, gammafunk_ghost_icy, hangedman_decor_slide_cut,
          st_stairs_7, uniq_duvessa, uniq_grinder, uniq_sigmund
D:6:      layout_loops_corners, nicolae_overflow_hidden_temple,
          ebering_ghost_inner_flame, grunt_ministairs_4
D:7:      layout_basic, nemelex_diamond_rough_becter,
          ashenzari_conservatory_becter, enter_bailey_4
D:8:      layout_cave_pools, amcnicky_altar_gilded, kennysheep_dice
D:9:      layout_rooms, minmay_shop_enchanted_jewellery, minmay_hedge_maze,
          uniq_maurice
D:10:     layout_basic, nicolae_overflow_crystal_walls, gammafunk_ghost_split,
          minmay_misc_feat_alley, minivault_8

Skill      XL: |  1  2  3  4  5  6  7  8  9 10 |
---------------+-------------------------------+-----
Axes           | 2 3 4 5 6 8 10 11 | 11.2
Throwing       | 1 2 3 |  3.0
Dodging        | 2 |  2.1
Fighting       | 4 6 7 8 |  8.4
Armour         | 4 6 7 |  7.7
Shields        | 4 5 |  5.0

Action                   |  1- 3 |  4- 6 |  7- 9 | 10-12 || total
-------------------------+-------+-------+-------+-------++-------
Melee: War axe           |    78 |       |       |       ||    78
       Broad axe         |     2 |    44 |   158 |    83 ||   287
Throw: Javelin           |    14 |    15 |    24 |     3 ||    56
       Boomerang         |     4 |     1 |    20 |     7 ||    32
  Use: Scroll            |    12 |     5 |     3 |     3 ||    23
       Potion            |     1 |       |     5 |     4 ||    10
 Stab: Invisible         |       |       |     1 |       ||     1
Armor: Scale mail        |    37 |       |       |       ||    37
       Chain mail        |     1 |    26 |       |       ||    27
       Plate armour      |       |     4 |    96 |    81 ||   181
Dodge: Dodged            |    27 |    15 |    38 |    32 ||   112
Block: Buckler           |    18 |     8 |    28 |    28 ||    82

Table legend:
 A = Non-vault XP
 B = Vault XP
 C = Vault XP percentage of total XP
 D = Non-vault monster count
 E = Vault monster count
 F = Vault count percentage of total count
                 A         B        C        D         E       F
            +---------+---------+-------+---------+---------+-------
      Total |    7398 |    1958 |  20.9 |     154 |      20 |  11.5
            +---------+---------+-------+---------+---------+-------
        D:1 |      37 |       0 |   0.0 |      20 |       0 |   0.0
        D:2 |       8 |       0 |   0.0 |       5 |       0 |   0.0
        D:3 |      13 |       0 |   0.0 |       8 |       0 |   0.0
        D:4 |     503 |       0 |   0.0 |      24 |       0 |   0.0
        D:5 |     722 |     801 |  52.6 |      19 |       6 |  24.0
        D:6 |     906 |     225 |  19.9 |      21 |       6 |  22.2
        D:7 |     671 |      12 |   1.8 |      12 |       5 |  29.4
        D:8 |     814 |      35 |   4.1 |      15 |       1 |   6.2
        D:9 |    2701 |     449 |  14.3 |      26 |       1 |   3.7
       D:10 |    1023 |     436 |  29.9 |       4 |       1 |  20.0
            +---------+---------+-------+---------+---------+-------
